 Dungeon Crawl Stone Soup version 0.25.1-2-g60ff931df9 (webtiles) character file.

Game seed: 17361845605285317818

105 Cazemata the Chopper (level 4, -3/39 HPs)
             Began as a Minotaur Berserker on Nov 18, 2020.
             Was a Believer of Trog.
             Slain by Sigmund
             ... wielding a +0 scythe
              (5 damage)
             ... on level 2 of the Dungeon.
             The game lasted 00:10:46 (1771 turns).

Cazemata the Chopper (Minotaur Berserker)           Turns: 1771, Time: 00:10:46

Health: -3/39      AC:  2    Str: 22    XL:     4   Next: 53%
Magic:  3/3        EV: 12    Int:  4    God:    Trog [**....]
Gold:   109        SH:  0    Dex: 10    Spells: 3/3 levels left

rFire    . . .     SeeInvis .   a - +0 hand axe
rCold    . . .     Gourm    .   (no shield)
rNeg     . . .     Faith    .   b - +0 animal skin
rPois    .         Spirit   .   (helmet restricted)
rElec    .         Reflect  .   (no cloak)
rCorr    .         Harm     .   (no gloves)
MR       ++...                  (no boots)
Stlth    +.........             (no amulet)
HPRegen  1.13/turn              (no ring)
MPRegen  0.08/turn              (no ring)

@: regenerating
A: retaliatory headbutt, horns 2
a: Berserk, Trog's Hand, Renounce Religion


You were on level 2 of the Dungeon.
You worshipped Trog.
Trog was pleased with you.
You were hungry.

You visited 1 branch of the dungeon, and saw 2 of its levels.

You collected 109 gold pieces.

Inventory:

Hand Weapons
 a - a +0 hand axe (weapon)
Armour
 b - a +0 animal skin (worn)
 f - a +8 plate armour of ponderousness
Jewellery
 d - an uncursed ring of protection from fire
 e - an uncursed ring of protection from fire
Scrolls
 k - a scroll of random uselessness {unknown}
Potions
 g - 2 potions of curing
 h - a potion of degeneration {unknown}
 i - a potion of stabbing {unknown}
 j - 2 potions of ambrosia {unknown}
Comestibles
 c - 2 rations


   Skills:
 - Level 3.6 Fighting
 * Level 6.5 Axes
 - Level 2.4 Armour
 - Level 2.1 Dodging


You had 3 spell levels left.
You didn't know any spells.
Your spell library was empty.

Dungeon Overview and Level Annotations

Branches:
Dungeon (2/15)

Altars:
Elyvilon

Annotations:
D:2 Sigmund


Innate Abilities, Weirdness & Mutations

You reflexively headbutt those who attack you in melee.
You have a pair of horns on your head.


Message History

You're too confused!
Something hits you. Something hits you!
* * * LOW HITPOINT WARNING * * *
You hear some strange, mumbled words.
Something tries to affect you, but you resist.
You're too confused!
Something hits you.
* * * LOW HITPOINT WARNING * * *
You feel less confused.
Okay, then.
Your skin crawls.
You feel resistant to hostile enchantments.
You are feeling hungry.
Something hits you!
* * * LOW HITPOINT WARNING * * *
Sigmund appears from thin air!
Reactivating autopickup.
Sigmund hits you from afar with a +0 scythe.
You die...

##...###.###.# ..##. . ##.##
#.....#######..#..@.#####
####.#######........{...._...gg.#
...........#)######.###....#..#(#
.###.#####.#.# #..# . .##.g#(#
.###÷# #.#)# #..# ....#.# .##†÷#
#.#(#####..# .....#.. .##.##
#.#...)###.#####.#####..
.##.######......@.........# #.#.
..).............####....###.##...
##.÷######.....@# #........#####
##†.######.#.#..# #...####
................####.#.#
.#..................###.#
.#..#######........## #.# .#..#
###.##.###.# #.##
.#..######.........#.#.


You could see Sigmund.

Vanquished Creatures
  Robin (D:2)
  3 adders (D:2)
  A worm (D:2)
  3 dart slugs
  2 leopard geckos
  10 goblins
  9 hobgoblins
  3 jackals (D:1)
  3 ball pythons (D:1)
  8 bats
  4 frilled lizards (D:2)
  4 kobolds
  5 rats
56 creatures vanquished.

Notes
Turn   | Place    | Note
-------+----------+-------------------------------------------
     0 | D:1      | Cazemata the Minotaur Berserker began the quest for the
                  | Orb.
     0 | D:1      | Reached XP level 1. HP: 19/19 MP: 0/0
    69 | D:1      | Reached skill level 4 in Axes
   169 | D:1      | Reached XP level 2. HP: 26/26 MP: 1/1
   571 | D:1      | Reached skill level 5 in Axes
   762 | D:2      | Reached XP level 3. HP: 15/31 MP: 2/2
   949 | D:2      | Found a white marble altar of Elyvilon.
   955 | D:2      | Noticed Robin
   959 | D:2      | Noticed Sigmund
  1087 | D:2      | Reached ** piety under Trog
  1478 | D:2      | Reached XP level 4. HP: 38/39 MP: 3/3
  1479 | D:2      | Reached skill level 6 in Axes
  1489 | D:2      | Killed Robin
  1770 | D:2      | HP: 1/39 [something (11)]
  1771 | D:2      | Slain by Sigmund

Illustrated notes

Levels and vault maps discovered:
D:1:      wander_arrival_peaceful_grave, layout_loops_ring,
          minmay_misc_feat_square, columned_hall_lemuel
D:2:      layout_loops_ring, nicolae_overflow_crystal_walls,
          minmay_fractal_squares_gapless_5, uniq_sigmund, uniq_robin

Skill      XL: |  1  2  3  4 |
---------------+-------------+-----
Axes           | 4 5 6 |  6.5
Fighting       | |  3.6
Armour         | |  2.4
Dodging        | |  2.1

Action                   |  1- 3 |  4- 6 || total
-------------------------+-------+-------++-------
Melee: Hand axe          |    86 |    20 ||   106
       Headbutt          |    16 |     4 ||    20
Invok: Trog's Hand       |       |     2 ||     2
  Use: Scroll            |     2 |     2 ||     4
  Eat: Chunk             |     1 |     2 ||     3
Armor: Animal skin       |    16 |     5 ||    21
Dodge: Dodged            |    63 |    19 ||    82
